 Dungeon Crawl Stone Soup version 0.24-a0-280-g7cec4da (webtiles) character file.

Game seed: 8236378206229051726

68 AlmondAAA the Skirmisher (level 4, -5/36 HPs)
             Began as a Draconian Chaos Knight on May 14, 2019.
             Was a Plaything of Xom.
             Slain by a porcupine (6 damage)
             ... on level 2 of the Dungeon.
             The game lasted 00:02:35 (1147 turns).

AlmondAAA the Skirmisher (Draconian Chaos Knight)   Turns: 1147, Time: 00:02:35

Health: -5/36      AC:  7    Str: 15    XL:     4   Next: 1%
Magic:  4/4        EV: 17    Int: 13    God:    Xom [*.....]
Gold:   74         SH:  0    Dex: 15    Spells: 3/3 levels left

rFire    . . .     SeeInvis .   a - +0 spear (chaos)
rCold    . . .     Gourm    .   (no shield)
rNeg     . . .     Faith    .   (armour unavailable)
rPois    .         Spirit   .   (helmet restricted)
rElec    .         Reflect  .   d - +1 cloak
rCorr    .         Harm     .   (no gloves)
MR       .....                  (no boots)
Stlth    ++........             (no amulet)
HPRegen  0.12/turn              (no ring)
MPRegen  0.09/turn              (no ring)

@: agile, drained
A: unfitting armour, frail 1, cold-blooded, AC +5
a: Renounce Religion


You were on level 2 of the Dungeon.
You worshipped Xom.
You were a special plaything of Xom.
You were not hungry.

You visited 1 branch of the dungeon, and saw 2 of its levels.

You collected 74 gold pieces.

Inventory:

Hand Weapons
 a - a +0 spear of chaos (weapon)
Missiles
 e - 20 stones (quivered)
 g - 2 javelins of penetration
Armour
 d - a +1 cloak (worn)
Scrolls
 c - 3 scrolls of remove curse
 h - a scroll of enchant armour
Potions
 i - a potion of magic
 j - a potion of resistance {unknown}
Comestibles
 b - 4 rations


   Skills:
 + Level 4.1(3.0) Fighting
 + Level 3.8(2.7) Polearms
 + Level 2.6(1.6) Dodging
 + Level 0.3(0.0) Stealth


You had 3 spell levels left.
You didn't know any spells.
Your spell library was empty.

Dungeon Overview and Level Annotations

Branches:
Dungeon (2/15)

Altars:


Innate Abilities, Weirdness & Mutations

Your plain brown scales are hard. (AC +5)
You cannot fit into any form of body armour.
You are cold-blooded and may be slowed by cold attacks.
You are frail. (-10% HP)


Message History

* * * LOW HITPOINT WARNING * * *
The porcupine bites you but does no damage.
Okay, then.
As you read the scroll labeled PETEBE XUEG, it crumbles to dust.
It is a scroll of enchant armour.
Your +0 cloak glows green for a moment.
The ufetubus barely misses you. The ufetubus hits you.
* * * LOW HITPOINT WARNING * * *
The porcupine barely misses you.
It was a potion of agility.
You feel agile all of a sudden.
Xom roars with laughter!
The ufetubus misses you.
The ufetubus hits you but does no damage.
The porcupine closely misses you. The ufetubus misses you.
The ufetubus completely misses you.
It was a potion of magic.
Magic courses through your body. The porcupine bites you.
You die...
Xom is highly amused!

P..########...# #.รท.....#
....#.#.......#######.####
###.#.#.......#.......#
###.#.#.......#.#####.#
#........######. #.#
#.....#...# #. #.#
......#...# #. #.#
#.........#####5#####.#
#............##.@r5...#
.............#####.####
#..................#
#..###.....#########
#..###.....# #.........##
##)######## ...# ####


You could see a porcupine, an iron imp and an ufetubus.

Vanquished Creatures
  4 adders (D:2)
  A worm (D:2)
  2 dart slugs
  3 bats (D:2)
  2 giant cockroaches
  2 hobgoblins (D:2)
  3 jackals (D:2)
  3 kobolds (D:1)
  3 frilled lizards
  2 goblins
  2 rats
27 creatures vanquished.

Vanquished Creatures (others)
  A ball python (D:1)
1 creature vanquished.

Grand Total: 28 creatures vanquished

Notes
Turn   | Place    | Note
-------+----------+-------------------------------------------
     0 | D:1      | AlmondAAA the Draconian Chaos Knight began the quest for
                  | the Orb.
     0 | D:1      | Reached XP level 1. HP: 19/19 MP: 1/1
   189 | D:1      | XOM: divination: magic mapping
   284 | D:1      | Reached XP level 2. HP: 26/26 MP: 2/2
   312 | D:1      | Noticed a glowing shapeshifter
   312 | D:1      | a kobold changed into a glowing shapeshifter
   312 | D:1      | Noticed a moth of wrath
   312 | D:1      | a glowing shapeshifter changed into a moth of wrath
   313 | D:1      | Noticed a salamander
   313 | D:1      | a moth of wrath changed into a salamander
   315 | D:1      | Noticed a cyclops
   315 | D:1      | a salamander changed into a cyclops
   319 | D:1      | Noticed a death drake
   319 | D:1      | a cyclops changed into a death drake
   321 | D:1      | Noticed a lindwurm
   321 | D:1      | a death drake changed into a lindwurm
   328 | D:1      | XOM: potion effect (agility)
   573 | D:2      | XOM: silly message
   616 | D:2      | Reached XP level 3. HP: 24/33 MP: 3/3
   752 | D:2      | Reached skill level 4 in Fighting
   861 | D:2      | XOM: summons 3 hostile shadow creatures
  1096 | D:2      | Reached XP level 4. HP: 38/40 MP: 4/4
  1128 | D:2      | Noticed a porcupine
  1128 | D:2      | an iguana changed into a porcupine
  1128 | D:2      | XOM: polymorph iguana -> porcupine
  1129 | D:2      | XOM: draining
  1130 | D:2      | XOM: give mutation
  1130 | D:2      | Gained mutation: You are frail. (-10% HP) [Xom's mischief]
  1142 | D:2      | XOM: summons 2 hostile demons
  1145 | D:2      | HP: 1/36 [ufetubus[Xom] (3)]
  1147 | D:2      | Slain by a porcupine

Levels and vault maps discovered:
D:1:      tarquinn_simple_flora_water_f, layout_rooms
D:2:      layout_loops_cross, chequers_big_river

Skill      XL: |  1  2  3 |
---------------+----------+-----
Fighting       | 4 |  4.1
Polearms       | |  3.8
Dodging        | |  2.6
Stealth        | |  0.3

Action                   |  1- 3 |  4- 6 || total
-------------------------+-------+-------++-------
Melee: Spear             |   107 |     5 ||   112
       Tailslap          |     4 |     1 ||     5
Throw: Stone             |     2 |       ||     2
  Use: Scroll            |       |     2 ||     2
       Potion            |       |     2 ||     2
 Stab: Distracted        |     1 |       ||     1
  Eat: Chunk             |     1 |       ||     1
Armor: Skin              |    24 |     5 ||    29
Dodge: Dodged            |    43 |    12 ||    55

Table legend:
 A = Non-vault XP
 B = Vault XP
 C = Vault XP percentage of total XP
 D = Non-vault monster count
 E = Vault monster count
 F = Vault count percentage of total count
                 A         B        C        D         E       F
            +---------+---------+-------+---------+---------+-------
      Total |      98 |       0 |   0.0 |      28 |       0 |   0.0
            +---------+---------+-------+---------+---------+-------
        D:1 |      16 |       0 |   0.0 |       9 |       0 |   0.0
        D:2 |      82 |       0 |   0.0 |      19 |       0 |   0.0
            +---------+---------+-------+---------+---------+-------
